 Dungeon Crawl Stone Soup version 0.30.1-9-gdf580d7c3d (webtiles) character file.

Game seed: 6686994931940042563

2 leafyfresh the Sneak (level 1, -2/20 HPs)
             Began as a Minotaur Delver on Oct 26, 2023.
             Was an Initiate of Okawaru.
             Slain by an orc
             ... wielding a +0 flail
              (3 damage)
             ... on level 5 of the Dungeon.
             The game lasted 00:00:57 (127 turns).

leafyfresh the Sneak (Minotaur Delver)               Turns: 127, Time: 00:00:58

Health: -2/20      AC:  3    Str: 16    XL:     1   Next: 25%
Magic:  0/0        EV: 11    Int:  7    God:    Okawaru [......]
Gold:   16         SH:  0    Dex: 11    Spells: 0/0 levels left

rFire   . . .        a - +0 hand axe
rCold   . . .        (no shield)
rNeg    . . .        b - +0 leather armour
rPois   .            (helmet restricted)
rElec   .            (no cloak)
rCorr   .            (no gloves)
SInv    .            (no boots)
Will    .....        (no amulet)
Stlth   +            (no ring)
HPRegen 0.23/turn    (no ring)
MPRegen 0.07/turn

%: no passive effects
@: confused
A: horns 2, retaliatory headbutt
a: Renounce Religion


You were on level 5 of the Dungeon.
You worshipped Okawaru.
Okawaru was noncommittal.
You visited 2 branches of the dungeon, and saw 2 of its levels.

You collected 16 gold pieces.

Inventory:

Hand Weapons
 a - a +0 hand axe (weapon)
Armour
 b - a +0 leather armour (worn)
Wands
 g - a wand of digging (3)
Scrolls
 c - a scroll of fog
 d - a scroll of magic mapping
 e - a scroll of fear
Potions
 f - a potion of haste


   Skills:
 + Level 3.6 Fighting
 + Level 2.4 Axes
 + Level 2.2 Dodging
 + Level 4.1 Stealth


You couldn't memorise any spells.
You didn't know any spells.
Your spell library was empty.

Dungeon Overview and Level Annotations

Branches:
Dungeon (5/15)             Temple (1/1) D:5

Altars:
Kikubaaqudgha
Okawaru
Qazlal
Ru
Wu Jian
Zin


Innate Abilities, Weirdness & Mutations

You have a pair of horns on your head.
You reflexively headbutt those who attack you in melee.


Message History

An orc comes into view. It is wielding a +0 flail.
Found a smoky ruby potion.
The orc wizard shouts!
You hear a shout!
You hear a bark!
An orc comes into view. It is wielding a +0 flail.
The orc shouts!
There are monsters nearby!
An orc comes into view. It is wielding a +0 trident.
The orc shouts!
The orc wizard points at you and mumbles some strange words.
You are confused.
There are monsters nearby!
Unknown command.
The orc wizard points at you and mumbles some strange words.
You are more confused.
A hound comes into view.
Found a stormy altar of Qazlal.
The hound moves out of view.
You bump into the rock wall.
The orc barely misses you.
You're too confused to move!
The orc barely misses you.
The orc hits you from afar with a +0 trident.
The orc wizard barely misses you.
You closely miss the orc wizard. Your headbutt misses the orc wizard.
You barely miss the orc. You hit the orc.
The orc hits you from afar with a +0 trident.
The orc barely misses you. The orc wizard casts a spell at you.
You are more confused.
The orc hits you with a +0 flail! The orc barely misses you.
The orc misses you. The orc hits you with a +0 flail.
* * * LOW HITPOINT WARNING * * *
The orc wizard hits you but does no damage.
You bump into the rock wall.
The orc barely misses you. The orc hits you with a +0 flail.
* * * LOW HITPOINT WARNING * * *
The orc wizard hits you but does no damage.
The orc barely misses you.
You hit the orc.
The orc is almost dead.
You miss the orc. You barely miss the orc wizard. The orc barely misses you. x2
The orc hits you with a +0 flail.
You die...

....# #+# #...# _..
##.####...# ..
#.........# .#
#.........#####.###
#.........##......##.
#..........+....>..!.
##'####...##.........
+##+##..#####'##@o.$.....
........#.......ooo......
........#................
........#.....##....>.##.
........#.....##......#
.##.##..###...##.........
###.######....##....b....
.........#.>)............
.>.......#...............


You could see an orc wizard and 3 orcs.

Vanquished Creatures
  An orc (D:5)
1 creature vanquished.

Notes
Turn   | Place    | Note
-------+----------+-------------------------------------------
     0 | D:5      | leafyfresh the Minotaur Delver began the quest for the Orb.
     0 | D:5      | Reached XP level 1. HP: 19/19 MP: 0/0
    27 | D:5      | Found a staircase to the Ecumenical Temple.
    30 | D:5      | Noticed an orc wizard
    42 | Temple   | Entered the Ecumenical Temple
    65 | Temple   | Became a worshipper of Warmaster Okawaru
   121 | D:5      | Found a stormy altar of Qazlal.
   121 | D:5      | Noticed a hound
   126 | D:5      | HP: 1/20 [orc/+0 flail (6)]
   127 | D:5      | Slain by an orc

Illustrated notes

Levels and vault maps discovered:
D:5:      layout_gridville, mainiacjoe_overflow_alcove_2,
          minmay_temple_entry_butterflies, serial_shops, nicolae_shop_peninsula,
          uniq_eustachio
Temple:   nicolae_temple_god_jail

Action                     || total
---------------------------++-------
  Melee: Hand axe          ||     4
         Headbutt          ||     1
 Armour: Leather armour    ||     2
  Dodge: Dodged            ||    11
